 Dungeon Crawl Stone Soup version 0.23.1 (webtiles) character file.

Game seed: 0

121147 Fang the Warrior (level 16, -1/148 HPs)
             Began as a Gargoyle Berserker on Mar 15, 2019.
             Was a High Priest of Trog.
             Slain by an alligator (13 damage)
             ... called by a spriggan druid
             ... on level 3 of the Swamp on Mar 18, 2019.
             The game lasted 00:45:01 (34894 turns).

Fang the Warrior (Gargoyle Berserker)              Turns: 34894, Time: 00:45:01

Health: -1/148     AC: 29    Str: 38 (39) XL:     16   Next: 84%
Magic:  16/16      EV: 18    Int:  7 (9)  God:    Trog [*****.]
Gold:   1612       SH:  0    Dex: 12 (14) Spells: 15/15 levels left

rFire    . . .     SeeInvis .   x - +6 war axe (flame)
rCold    . . .     Gourm    +   (no shield)
rNeg     + + +     Faith    .   L - +0 scale mail "Juan" {rN+ Str+3}
rPois    ∞         Spirit   .   n - +2 helmet of Konos {rN+}
rElec    +         Reflect  .   (no cloak)
rCorr    .         Harm     .   E - +2 pair of gloves "Dityge" {Dex+2}
MR       +....                  (no boots)
Stlth    ..........             D - amulet of the gourmand
HPRegen  0.34/turn              F - +4 ring of strength
MPRegen  0.15/turn              O - +3 ring of dexterity

@: berserking, flying, very quick
A: big wings, deterioration 1, frail 1, negative energy resistance 1,
electricity resistance, unbreathing, petrification resistance, rot immunity, AC
+12
a: Stop Flying, Berserk, Trog's Hand, Brothers in Arms, Renounce Religion


You were on level 3 of the Swamp.
You worshipped Trog.
Trog was extremely pleased with you.
You were full.

You visited 6 branches of the dungeon, and saw 28 of its levels.
You visited 1 bazaar.

You collected 2409 gold pieces.
You spent 797 gold pieces at shops.

Inventory:

Hand Weapons
 a - a +1 war axe of venom
 i - a +2 war axe of chopping
 o - a +2 hand axe of draining
 x - a +6 war axe of flaming (weapon)
 G - a +1 vampiric broad axe
 K - a +7 antimagic battleaxe
 R - a +6 executioner's axe of electrocution
Armour
 n - the +2 helmet of Konos (worn) {rN+}
   (You found it on level 6 of the Lair of Beasts)

   It protects you from negative energy.
 A - a +6 plate armour
 E - the +2 pair of gloves "Dityge" (worn) {Dex+2}
   (You bought it in a shop on level 11 of the Dungeon)

   It affects your dexterity (+2).
 L - the +0 scale mail "Juan" (worn) {rN+ Str+3}
   (You found it on level 12 of the Dungeon)

   It affects your strength (+3).
   It protects you from negative energy.
 Q - the +1 ring mail of Nariev {Dex+4 Slay+4}
   (You found it on level 4 of the Lair of Beasts)

   It affects your dexterity (+4).
   It affects your accuracy and damage with ranged weapons and melee attacks
   (+4).
Jewellery
 w - an uncursed amulet of guardian spirit
 D - an amulet of the gourmand (around neck)
 F - a +4 ring of strength (left hand)
 O - a +3 ring of dexterity (right hand)
 S - a +4 ring of strength
Wands
 b - a wand of enslavement (13)
 e - a wand of flame (31)
 q - a wand of iceblast (11)
 s - a wand of paralysis (33)
 y - a wand of scattershot (13)
 B - a wand of random effects (21)
 C - a wand of acid (17)
 I - a wand of polymorph (16)
 J - a wand of digging (6)
 U - a wand of disintegration (14)
Scrolls
 d - 15 scrolls of remove curse
 f - 5 scrolls of blinking
 h - 6 scrolls of identify
 p - 5 scrolls of magic mapping
 r - 6 scrolls of teleportation
 t - 2 scrolls of fog
Potions
 g - 2 potions of invisibility
 j - 3 potions of magic
 k - 6 potions of haste
 l - 3 potions of resistance
 m - 5 potions of curing
 u - 3 potions of brilliance
 v - 2 potions of agility
 z - a potion of mutation
 H - 2 potions of might
 M - 2 potions of berserk rage
 N - a potion of heal wounds
 P - a potion of ambrosia
Comestibles
 c - 38 rations


   Skills:
 + Level 16.0 Fighting
 + Level 13.8 Axes
 + Level 15.8 Armour
 + Level 12.7 Dodging


You had 15 spell levels left.
You didn't know any spells.
Your spell library was empty.

Dungeon Overview and Level Annotations

Branches:
Dungeon (15/15)            Temple (1/1) D:5            Lair (6/6) D:11
  Swamp (3/4) Lair:2       Spider (1/4) Lair:4        Slime (0/5) Lair:5
    Orc (2/2) D:12            Elf (0/3) Orc:2        Vaults (0/5) D:14
 Depths (0/5) D:15

Altars:
Dithmenos
Fedhas
Sif Muna
Vehumet
Wu Jian
The Shining One
Jiyva

Shops:
D:11 =%}*   Orc:2 ?!}[=

Portals:
Pandemonium: Orc:2

Annotations:
Lair:3 exclusion: oklob plant


Innate Abilities, Weirdness & Mutations

You are resistant to torment.
Your stone body is resilient. (AC +12)
You are immune to poison.
Your large and strong wings let you fly indefinitely.
You resist negative energy. (rN+)
You are resistant to electric shocks. (rElec)
You can survive without breathing.
You are immune to petrification.
You are immune to rotting.
Your body sometimes deteriorates upon taking damage.
You are frail. (-10% HP)


Message History

You are too injured to fight recklessly!
You are too injured to fight recklessly!
You are too injured to fight recklessly!
You are too injured to fight recklessly!
You are too injured to fight recklessly!
You are too injured to fight recklessly!
You are too injured to fight recklessly!
The spiny frog stings you.
The alligator puts on a burst of speed!
A red film seems to cover your vision as you go berserk!
You feel yourself moving faster!
You feel mighty!
You feel quite a bit less full. The spiny frog closely misses you.
The alligator bites you!!
* * * LOW HITPOINT WARNING * * *
The alligator tail-slaps you but does no damage.
The spiny frog closely misses you.
You barely miss the alligator. You hit the spiny frog. You burn the spiny frog.
The alligator bites you!!
* * * LOW HITPOINT WARNING * * *
The alligator tail-slaps you!
You die...

♣♣....≈≈≈♣ .≈≈.≈≈≈.♣ ♣♣
§..≈≈≈≈♣♣♣..
♣♣...§≈[♣.≈≈≈
♣♣♣≈..≈≈≈..≈≈≈≈ ♣♣♣♣
♣≈....†)..≈≈≈≈≈ ♣♣...≈
♣♣..≈♣♣≈...≈≈≈≈≈
♣♣.≈≈≈≈♣♣≈.....≈♣...≈≈≈≈
§§≈≈≈....≈F@≈.♣≈...≈≈≈≈
.≈≈≈≈..≈≈≈t≈≈≈..♣.≈≈≈≈
♣≈♣♣.≈≈....≈.≈≈♣≈♣♣.≈
♣♣♣...≈≈....♣.≈≈≈.♣
♣≈≈≈..≈≈.≈...≈♣.≈^♣
♣....≈≈≈≈.≈≈≈.≈..♣♣
♣♣♣♣.≈≈≈..≈≈≈..(≈♣
♣.≈≈≈.≈≈≈≈..≈.♣
♣♣...≈≈≈≈≈≈...♣


You could see an alligator and a spiny frog.

Vanquished Creatures
  Jorgrun (Orc:2)
  Rupert (Lair:6)
  A thorn hunter (Swamp:3)
  Louise (D:15)
  Azrael (D:12)
  A fire dragon (D:15)
  Josephine (D:14)
  Harold (D:11)
  10 hydras
  An ice dragon (D:15)
  6 centaur warriors
  A catoblepas (D:13)
  A shambling mangrove (Swamp:1)
  8 two-headed ogres
  2 ghost crabs
  10 alligators
  Urug (Lair:2)
  5 orc high priests (Orc:2)
  Sonja (D:12)
  A spriggan druid (Swamp:3)
  A gelid demonspawn (Orc:2)
  5 unseen horrors
  A deep elf archer (D:14)
  5 orc knights
  2 wolf spiders (Lair:6)
  7 ugly things
  3 deep elf magi
  2 cyclopes
  3 manticores
  6 orc sorcerers (Orc:2)
  4 elephants (Lair:3)
  A guardian serpent (Lair:6)
  A torpor snail (shapeshifter) (D:14)
  2 rust devils (Orc:2)
  9 black mambas
  Joseph (D:7)
  21 spiny frogs
  A rime drake (Lair:6)
  4 yaktaurs (D:14)
  A redback zombie (D:14)
  2 centaur skeletons
  A kobold demonologist (D:15)
  An efreet (D:14)
  A komodo dragon (shapeshifter) (D:13)
  8 komodo dragons
  2 tengu conjurers
  2 hellwings (Orc:2)
  3 trolls
  A polar bear (Lair:6)
  15 blink frogs
  A wolf spider simulacrum (D:15)
  19 slime creatures
  5 tyrant leeches
  3 bog bodies
  4 dream sheep (Lair:6)
  9 hornets
  12 hippogriffs
  A redback (Lair:6)
  A shadow (D:14)
  A vampire (D:14)
  5 wraiths
  4 fire elementals (D:12)
  13 wyverns
  54 yaks
  A water elemental (D:11)
  A human (D:11)
  A basilisk (Lair:4)
  3 hungry ghosts
  17 vampire mosquitoes
  3 hogs (D:11)
  2 chaos spawn (Orc:2)
  6 insubstantial wisps (Swamp:1)
  3 wargs
  Menkaure (D:6)
  An acid dragon (D:13)
  A neqoxec (Orc:2)
  A soldier ant (D:10)
  8 swamp worms
  17 water moccasins
  A hell hound (D:12)
  9 porcupines
  Duvessa (D:7)
  34 orc warriors
  2 black bears
  A black bear (shapeshifter) (D:14)
  3 sky beasts
  5 swamp drakes
  An ice beast (D:6)
  11 ogres
  18 centaurs
  13 crocodiles
  A phantom (D:4)
  11 wolves
  A big kobold (D:13)
  21 bullfrogs
  Dowan (D:7)
  5 scorpions
  4 killer bees (D:9)
  7 wights
  3 electric eels
  2 howler monkeys (D:8)
  A bullfrog zombie (D:9)
  9 crimson imps
  15 orc wizards
  11 hounds
  10 jellies
  16 orc priests
  2 centaur zombies
  A bullfrog skeleton (D:4)
  6 iguanas
  9 worker ants
  2 hound skeletons
  A howler monkey zombie (D:9)
  2 worker ant zombies
  11 adders
  A howler monkey skeleton (D:7)
  3 shadow imps
  13 oozes (Lair:1)
  An adder skeleton (D:5)
  4 worms
  2 dart slugs
  6 leopard geckos
  67 orcs
  4 bats
  7 giant cockroaches
  2 goblins
  18 hobgoblins
  4 jackals (D:2)
  3 quokkas
  3 ball pythons
  7 frilled lizards
  14 kobolds
  2 leopard gecko skeletons
  A quokka skeleton (D:6)
  8 rats
  7 fungi
  3 plants (Lair:6)
800 creatures vanquished.

Vanquished Creatures (collateral kills)
  An infernal demonspawn (Orc:2)
  An orc knight (Orc:2)
  An orc sorcerer (Orc:2)
  A spiny frog (Lair:6)
  2 blink frogs (Lair:6)
  2 water moccasins (Lair:6)
8 creatures vanquished.

Vanquished Creatures (others)
  An ogre mage (D:14)
  3 orcs
  26 fungi
  29 plants (Lair:6)
59 creatures vanquished.

Grand Total: 867 creatures vanquished

Notes
Turn   | Place    | Note
-------+----------+-------------------------------------------
     0 | D:1      | Fang the Gargoyle Berserker began the quest for the Orb.
     0 | D:1      | Reached XP level 1. HP: 14/14 MP: 1/1
    74 | D:1      | Reached XP level 2. HP: 17/19 MP: 2/2
   122 | D:1      | Found a glowing golden altar of the Shining One.
   453 | D:1      | Reached XP level 3. HP: 19/23 MP: 3/3
  1094 | D:2      | Reached ** piety under Trog
  1515 | D:2      | Reached XP level 4. HP: 29/29 MP: 4/4
  1892 | D:3      | Found an ornate altar of the Wu Jian Council.
  1944 | D:3      | Reached skill level 4 in Fighting
  2443 | D:3      | Found a shadowy altar of Dithmenos.
  2700 | D:4      | Noticed an ogre
  2708 | D:4      | Killed an ogre
  2708 | D:4      | Reached XP level 5. HP: 11/34 MP: 5/5
  3208 | D:4      | Reached XP level 6. HP: 27/39 MP: 6/6
  3325 | D:4      | Reached *** piety under Trog
  3620 | D:4      | Noticed a phantom
  3638 | D:4      | Killed a phantom
  3638 | D:4      | Reached skill level 5 in Fighting
  3999 | D:5      | Entered Level 5 of the Dungeon
  4006 | D:5      | Reached XP level 7. HP: 27/44 MP: 1/7
  4261 | D:5      | Found a radiant altar of Vehumet.
  4391 | D:5      | Found a staircase to the Ecumenical Temple.
  4494 | Temple   | Entered the Ecumenical Temple
  4584 | D:6      | Reached skill level 5 in Armour
  4655 | D:6      | Reached XP level 8. HP: 43/51 MP: 8/8
  4804 | D:6      | Reached skill level 6 in Fighting
  4941 | D:6      | Reached skill level 5 in Axes
  4985 | D:6      | Reached **** piety under Trog
  5147 | D:6      | Noticed Menkaure
  5154 | D:6      | Killed Menkaure
  5635 | D:7      | Noticed Joseph
  5652 | D:7      | Killed Joseph
  5729 | D:7      | Reached XP level 9. HP: 40/56 MP: 7/9
  5743 | D:7      | Reached skill level 7 in Fighting
  5762 | D:7      | Noticed Duvessa
  5762 | D:7      | Noticed Dowan
  5777 | D:7      | Killed Duvessa
  5777 | D:7      | Reached skill level 5 in Dodging
  5794 | D:7      | Killed Dowan
  7263 | D:9      | Reached skill level 8 in Fighting
  7685 | D:9      | Reached XP level 10. HP: 64/64 MP: 10/10
  8078 | D:10     | Entered Level 10 of the Dungeon
  8676 | D:11     | Reached skill level 9 in Fighting
  8688 | D:11     | Found a staircase to the Lair.
  9019 | D:11     | Found Laxzeth's Jewellery Boutique.
  9119 | D:11     | Reached ***** piety under Trog
  9121 | D:11     | Found Irukeg's Food Boutique.
  9169 | D:11     | Found Negaoh's Assorted Antiques.
  9187 | D:11     | Bought a pair of ichor-stained gloves for 256 gold pieces
  9192 | D:11     | Identified the +2 pair of gloves "Dityge" {Dex+2} (You
                  | bought it in a shop on level 11 of the Dungeon)
  9269 | D:11     | Noticed Harold
  9287 | D:11     | Killed Harold
  9287 | D:11     | Reached XP level 11. HP: 47/71 MP: 11/11
  9401 | D:11     | Noticed a cyclops
  9409 | D:11     | Killed a cyclops
  9838 | D:11     | Reached skill level 10 in Fighting
 10169 | D:11     | Found Ubauph's Gadget Shop.
 10284 | D:12     | Noticed a manticore
 10288 | D:12     | Killed a manticore
 10308 | D:12     | Got a slimy scale mail
 10319 | D:12     | Identified the cursed +0 scale mail "Juan" {rN+ Str+3} (You
                  | found it on level 12 of the Dungeon)
 10359 | D:12     | Found a staircase to the Orcish Mines.
 10371 | D:12     | Noticed Sonja
 10384 | D:12     | Received a gift from Trog
 10446 | D:12     | Noticed a two-headed ogre
 10463 | D:12     | Killed a two-headed ogre
 10463 | D:12     | Reached skill level 10 in Armour
 10524 | D:12     | Killed Sonja
 11005 | D:12     | Noticed Azrael
 11033 | D:12     | Killed Azrael
 11033 | D:12     | Reached XP level 12. HP: 46/79 MP: 12/12
 11246 | D:12     | Noticed a two-headed ogre
 11256 | D:12     | Killed a two-headed ogre
 11256 | D:12     | Reached skill level 11 in Fighting
 12035 | Lair:1   | Entered Level 1 of the Lair of Beasts
 12295 | Lair:1   | Noticed a five-headed hydra
 12306 | Lair:1   | Killed a one-headed hydra
 13007 | Lair:1   | Received a gift from Trog
 13221 | Lair:2   | Found a staircase to the Swamp.
 13230 | Lair:2   | Reached skill level 10 in Axes
 13497 | Lair:2   | Noticed Urug
 13508 | Lair:2   | Killed Urug
 14081 | Lair:3   | Reached skill level 12 in Fighting
 14093 | Lair:3   | Reached XP level 13. HP: 33/86 MP: 13/13
 15893 | Lair:4   | Got a shimmering ring mail
 15904 | Lair:4   | Identified the +1 ring mail of Nariev {Dex+4 Slay+4} (You
                  | found it on level 4 of the Lair of Beasts)
 16080 | Lair:4   | Found a hole to the Spider Nest.
 16543 | Spider:1 | Entered Level 1 of the Spider Nest
 16848 | Lair:5   | Found a viscous altar of Jiyva.
 16848 | Lair:5   | Found a staircase to the Slime Pits.
 16929 | Lair:5   | HP: 2/87 [blink frog (9)]
 17376 | Lair:5   | Received a gift from Trog
 17477 | Lair:5   | Reached skill level 10 in Dodging
 17867 | Lair:6   | Entered Level 6 of the Lair of Beasts
 17985 | Lair:5   | HP: 4/130 [black mamba (8)]
 18532 | Lair:6   | Reached skill level 13 in Fighting
 18869 | Lair:6   | Gained mutation: Your large and strong wings let you fly
                  | indefinitely. [Gargoyle growth]
 18869 | Lair:6   | Reached XP level 14. HP: 38/94 MP: 14/14
 19580 | Lair:6   | Noticed Rupert
 19581 | Lair:6   | Paralysed by Rupert for 3 turns
 19609 | Lair:6   | HP: 1/141 [Rupert/+2 great sword of holy wrath (12)]
 19612 | Lair:6   | Killed Rupert
 20404 | Lair:6   | Got a heavily runed helmet
 20410 | Lair:6   | Identified the +2 helmet of Konos {rN+} (You found it on
                  | level 6 of the Lair of Beasts)
 20495 | Lair:6   | Received a gift from Trog
 21578 | D:13     | Reached skill level 14 in Fighting
 22720 | D:13     | Reached XP level 15. HP: 91/100 MP: 15/15
 23082 | D:14     | Found a flickering gateway to a bazaar.
 23095 | D:14     | Found a blossoming altar of Fedhas.
 23226 | D:14     | Received a gift from Trog
 23570 | D:14     | Noticed Josephine
 23583 | D:14     | Killed Josephine
 24277 | D:14     | Found a gate to the Vaults.
 24871 | Bazaar   | Entered a bazaar
 24871 | Bazaar   | Found Locwizxa's Antique Weapon Boutique.
 24904 | Bazaar   | Found Ofrewn's Magic Scroll Boutique.
 24912 | Bazaar   | Bought a scroll of teleportation for 39 gold pieces
 24912 | Bazaar   | Bought a scroll of enchant weapon for 97 gold pieces
 24912 | Bazaar   | Bought a scroll of teleportation for 39 gold pieces
 24915 | Bazaar   | Found Nusyllel's General Store.
 24946 | Bazaar   | Found Onoz's Gadget Emporium.
 24954 | Bazaar   | Found Cokoc's Antique Armour Emporium.
 25121 | D:15     | Entered Level 15 of the Dungeon
 25362 | D:15     | Noticed Louise
 25387 | D:15     | Killed Louise
 25866 | D:15     | Found a staircase to the Depths.
 26512 | Orc:1    | Entered Level 1 of the Orcish Mines
 26699 | Orc:2    | Entered Level 2 of the Orcish Mines
 26709 | Orc:2    | Found a staircase to the Elven Halls.
 26784 | Orc:2    | Received a gift from Trog
 26995 | Orc:2    | Found Inneamuc's Jewellery Emporium.
 27019 | Orc:2    | Reached skill level 15 in Fighting
 27022 | Orc:2    | Noticed Jorgrun
 27043 | Orc:2    | Killed Jorgrun
 27881 | Orc:2    | Found Ubrualois's Magic Scroll Shop.
 27884 | Orc:2    | Found Mola's Distillery.
 28821 | Orc:2    | Gained mutation: Your body sometimes deteriorates upon
                  | taking damage. [a neqoxec]
 28828 | Orc:2    | Gained mutation: You are frail. (-10% HP) [a neqoxec]
 29168 | Orc:2    | Bought a potion of curing for 42 gold pieces
 29168 | Orc:2    | Bought a potion of curing for 42 gold pieces
 29168 | Orc:2    | Bought a potion of curing for 42 gold pieces
 29170 | Orc:2    | Bought a scroll of enchant weapon for 120 gold pieces
 29170 | Orc:2    | Bought a scroll of enchant weapon for 120 gold pieces
 29316 | Orc:2    | Received a gift from Trog
 29328 | Orc:2    | Reached skill level 15 in Armour
 29331 | Orc:2    | Reached XP level 16. HP: 26/97 MP: 16/16
 30156 | Orc:2    | HP: 1/97 [infernal demonspawn/+2 antimagic demon trident
                  | (18)]
 30598 | Orc:2    | Found Deroapha's Antique Armour Emporium.
 30598 | Orc:2    | Found a one-way gate leading to the halls of Pandemonium.
 30598 | Orc:2    | Found Vapnuod's Gadget Shoppe.
 31123 | Swamp:1  | Entered Level 1 of the Swamp
 32609 | Swamp:1  | Received a gift from Trog
 34082 | Swamp:3  | Noticed a thorn hunter
 34096 | Swamp:3  | Killed a thorn hunter
 34103 | Swamp:3  | HP: 4/99 [swamp worm/harpoon shot (19)]
 34874 | Swamp:3  | Reached skill level 16 in Fighting
 34894 | Swamp:3  | Slain by an alligator

Skill      XL: |  1  2  3  4  5  6  7  8  9 10 11 12 13 14 15 16 |
---------------+-------------------------------------------------+-----
Axes           | 3 4 5 6 8 9 10 11 12 13 | 13.8
Dodging        | 2 3 4 5 7 8 9 10 11 12 | 12.7
Armour         | 3 4 5 6 7 9 10 11 12 14 15 | 15.8
Fighting       | 4 5 6 8 9 10 12 13 14 15 16 | 16.0

Action                   |  1- 3 |  4- 6 |  7- 9 | 10-12 | 13-15 | 16-18 || total
-------------------------+-------+-------+-------+-------+-------+-------++-------
Melee: Hand axe          |   138 |    59 |       |       |       |       ||   197
       War axe           |       |    92 |   461 |   680 |  1155 |   437 ||  2825
       Unarmed           |       |       |       |     8 |       |       ||     8
Invok: Berserk           |     1 |     2 |     4 |     5 |    10 |     6 ||    28
       Trog's Hand       |       |       |     1 |     1 |     1 |       ||     3
       Brothers in Arms  |       |       |       |       |     3 |     3 ||     6
 Abil: Fly               |       |       |       |       |     1 |       ||     1
  Use: Scroll            |       |       |    25 |     5 |    28 |     2 ||    60
       Potion            |       |       |       |     2 |     6 |     2 ||    10
 Stab: Confused          |       |       |       |     2 |       |     1 ||     3
       Distracted        |       |       |       |       |     1 |       ||     1
  Eat: Chunk             |     3 |     8 |    28 |    31 |    61 |    22 ||   153
       Ration            |       |       |     1 |     2 |       |       ||     3
Armor: Animal skin       |    65 |     8 |       |       |       |       ||    73
       Chain mail        |       |    54 |   282 |       |       |       ||   336
       Scale mail        |       |     7 |       |   245 |   737 |   318 ||  1307
       Plate armour      |       |       |    47 |   204 |       |       ||   251
       Skin              |       |       |       |     1 |       |       ||     1
Dodge: Dodged            |    96 |    78 |   317 |   520 |  1077 |   402 ||  2490
